 Dungeon Crawl Stone Soup version 0.29.1-15-g9cfb28693d (webtiles) character file.

Game seed: 14803877832943158698

362 vishdafish the Conjurer (level 6, 19/41 HPs)
             Began as a Demonspawn Conjurer on Mar 29, 2023.
             Quit the game on level 3 of the Dungeon.
             The game lasted 00:04:24 (4102 turns).

vishdafish the Conjurer (Demonspawn Conjurer)       Turns: 4102, Time: 00:04:25

Health: 19/41      AC:  4    Str:  7    XL:     6   Next: 39%
Magic:  2/12       EV: 12    Int: 21    God:
Gold:   146        SH:  4    Dex: 12    Spells: 13/14 levels left

rFire   . . .      SeeInvis .   h - +4 mace
rCold   + . .      Faith    .   (no shield)
rNeg    . . .      Spirit   .   a - +0 robe
rPois   .          Reflect  .   (no helmet)
rElec   .          Harm     .   (no cloak)
rCorr   .          Rampage  .   (no gloves)
Will    .....                   (no boots)
Stlth   ++........              (no amulet)
HPRegen 0.13/turn               i - ring of protection from cold
MPRegen 0.13/turn               (no ring)

@: no status effects
A: hooves 2, icy blue scales 1, powered by death 1, condensation shield
a: no special abilities


You were on level 3 of the Dungeon.
You visited 1 branch of the dungeon, and saw 4 of its levels.

You collected 146 gold pieces.

Inventory:

Hand Weapons
 g - a +2 vampiric dagger
 h - a +4 mace (weapon)
Armour
 a - a +0 robe (worn)
Jewellery
 i - a ring of protection from cold (left hand)
 p - a ring of magical power
Wands
 r - a wand of light (6)
Scrolls
 c - 2 scrolls of identify {unknown}
 f - a scroll of enchant weapon {unknown}
 j - a scroll of amnesia {unknown}
 n - 3 scrolls of teleportation {unknown}
Potions
 b - a potion of magic
 d - a potion of degeneration {unknown}
 e - 2 potions of heal wounds {unknown}
 k - 2 potions of attraction {unknown}
 l - 3 potions of brilliance {unknown}
 m - a potion of cancellation {unknown}
 o - a potion of curing {unknown}
 q - a potion of ambrosia {unknown}


   Skills:
 - Level 1.9 Dodging
 - Level 2.0 Stealth
 + Level 4.6 Spellcasting
 + Level 6.0 Conjurations


You had 13 spell levels left.
You knew the following spells:

 Your Spells              Type           Power      Damage    Failure   Level
a - Magic Dart            Conj           100%       1d8       1%          1

Your spell library contained the following spells:

 Spells                   Type           Power      Damage    Failure   Level
 Searing Ray              Conj           60%        2d6       1%          2
 Dazzling Flash           Conj/Hex       34%        N/A       10%         3
 Fulminant Prism          Conj/Hex       8%         3d7       32%         4
 Iskenderun's Mystic Bla  Conj/Tloc      17%        2d5       32%         4


Dungeon Overview and Level Annotations

Branches:
Dungeon (4/15)
 Temple: D:4-7

Altars:
Nemelex Xobeh

Shops:
D:1 [

Annotations:
D:3 1 transporter


Innate Abilities, Weirdness & Mutations

You have hoof-like feet.
You are partially covered in icy blue scales. (AC +2)
You regenerate a little health from kills.
A meltable shield of frost defends you. (SH +4)


Message History

You block the scorpion's attack.
You hit the scorpion but do no damage. You kick the scorpion.
The scorpion is moderately wounded.
The scorpion stings you. x2
You are too injured to fight recklessly!
You are too injured to fight recklessly!
You are too injured to fight recklessly!
You are too injured to fight recklessly!
You are too injured to fight recklessly!
You are too injured to fight recklessly!
You are too injured to fight recklessly!
You are too injured to fight recklessly!
You are too injured to fight recklessly!
Aiming: Magic Dart (safe; 1% risk of failure)
Press: ? - help, Q - select action, (/) - cycle Shift-Dir - straight line, f - scorpion
Aim: a scorpion (moderately wounded, 100% to hit)
The magic dart hits the scorpion!
The scorpion is severely wounded.
The scorpion barely misses you.
Unknown command.
Aiming: Magic Dart (safe; 1% risk of failure)
Press: ? - help, Q - select action, (/) - cycle Shift-Dir - straight line, f/p - scorpion
Aim: a scorpion (severely wounded, 100% to hit)
The magic dart hits the scorpion.
The scorpion is almost dead.
The scorpion closely misses you.
Aiming: Magic Dart (safe; 1% risk of failure)
Press: ? - help, Q - select action, (/) - cycle Shift-Dir - straight line, f/p - scorpion
Aim: a scorpion (almost dead, 100% to hit)
The magic dart hits the scorpion but does no damage.
The scorpion is almost dead.
The scorpion closely misses you. The scorpion stings you.
Aiming: Magic Dart (safe; 1% risk of failure)
Press: ? - help, Q - select action, (/) - cycle Shift-Dir - straight line, f/p - scorpion
Aim: a scorpion (almost dead, 100% to hit)
The magic dart hits the scorpion.
You kill the scorpion!
Your Conjurations skill increases to level 6!
Unknown command.
Are you sure you want to abandon this character and quit the game? (Confirm with "yes".)

....# ############.## #.#
..#.#####.#.#.#.#.##..######.#
.....##......................#
........#.#.#.#)#.###.########
..#..##............##.#
........#)#.#)#.#.###.#
#.#..###.).........##>#
..#....##.#.#.#†#.#...#
#.#..#.#........@..####
#.#..#.##.#.#.#.#.##
.....#.#...........#
.....#.##.#.#.#.#.##
..##.#.............#
#.......#.#.#.#.#.##
########.).........#
##.#.#.#.#.## #...........#


There were no monsters in sight!

Vanquished Creatures
  2 scorpions
  Jessica (D:3)
  Terence (D:2)
  Natasha (thrice) (D:3)
  An adder (D:2)
  3 gnolls (D:3)
  A dart slug (D:2)
  A worm (D:2)
  2 orcs (D:4)
  6 bats
  7 endoplasms
  4 giant cockroaches
  8 goblins
  6 hobgoblins
  5 jackals (D:2)
  7 kobolds
  A quokka (D:2)
  4 ball pythons
  A frilled lizard (D:2)
  9 rats
73 creatures vanquished.

Vanquished Creatures (others)
  2 plants
2 creatures vanquished.

Grand Total: 75 creatures vanquished

Notes
Turn   | Place    | Note
-------+----------+-------------------------------------------
     0 | D:1      | vishdafish the Demonspawn Conjurer began the quest for the
                  | Orb.
     0 | D:1      | Reached XP level 1. HP: 13/13 MP: 3/3
    96 | D:1      | Found Uppiwi's Armour Shoppe.
   467 | D:1      | Gained mutation: You are partially covered in icy blue
                  | scales. (AC +2) [demonic ancestry]
   467 | D:1      | Reached XP level 2. HP: 19/19 MP: 3/5
  1192 | D:2      | Gained mutation: You have large cloven feet. [demonic
                  | ancestry]
  1192 | D:2      | Reached XP level 3. HP: 9/24 MP: 4/6
  1835 | D:2      | Noticed Terence
  2070 | D:2      | Killed Terence
  2071 | D:2      | Gained mutation: You have hoof-like feet. [demonic
                  | ancestry]
  2071 | D:2      | Reached XP level 4. HP: 21/30 MP: 8/8
  2602 | D:3      | Reached skill level 5 in Conjurations
  2682 | D:3      | Noticed an angel
  2713 | D:3      | Noticed Natasha
  2717 | D:3      | Killed Natasha
  2718 | D:3      | Gained mutation: You regenerate a little health from kills.
                  | [demonic ancestry]
  2718 | D:3      | Reached XP level 5. HP: 30/35 MP: 10/10
  2767 | D:3      | Noticed Jessica
  2771 | D:3      | Killed Jessica
  2940 | D:3      | Noticed Natasha
  2948 | D:3      | Killed Natasha
  3238 | D:3      | Noticed Natasha
  3255 | D:3      | Killed Natasha
  3767 | D:3      | Found a sparkling altar of Nemelex Xobeh.
  3767 | D:3      | Found a transporter.
  3767 | D:3      | Noticed a steam dragon
  3939 | D:4      | Gained mutation: A meltable shield of frost defends you.
                  | (SH +4) [demonic ancestry]
  3939 | D:4      | Reached XP level 6. HP: 41/41 MP: 5/12
  4102 | D:3      | Reached skill level 6 in Conjurations
  4102 | D:3      | Quit the game

Illustrated notes

Levels and vault maps discovered:
D:1:      shiori_arrival_oz, layout_basic, serial_shops, nicolae_shop_crystal,
          serial_bayou_pond_e
D:2:      layout_basic, uniq_terence
D:3:      layout_loops_ring, zin_angel, grunt_nemelex_the_gamble, st_stairs_11,
          dk_noncrumbling_4, uniq_jessica, uniq_natasha
D:4:      layout_gridville, enter_ossuary_4, serial_shops, kennysheep_mini,
          nicolae_shop_stone, shop, serial_forest, infiniplex_forest_lined_2,
          infiniplex_forest_straight_2, infiniplex_forest_join,
          infiniplex_forest_lined_4_way, infiniplex_forest_zigzag_1,
          infiniplex_forest_diagonal, infiniplex_forest_end_2,
          infiniplex_forest_end_3, minmay_misc_feat_x

Skill      XL: |  1  2  3  4  5  6 |
---------------+-------------------+-----
Stealth        | 2 |  2.0
Spellcasting   | 3 4 |  4.6
Conjurations   | 5 6 |  6.0
Dodging        | |  1.9

Action                   |  1- 3 |  4- 6 || total
-------------------------+-------+-------++-------
Melee: Unarmed           |    36 |       ||    36
       Mace              |    27 |    46 ||    73
       Kick              |     3 |    12 ||    15
       Punch             |     1 |       ||     1
 Cast: Magic Dart        |    74 |    57 ||   131
 Stab: Sleeping          |       |     3 ||     3
Armor: Robe              |    24 |     7 ||    31
Dodge: Dodged            |    60 |    25 ||    85
Block: Other             |       |     4 ||     4
